cohdb
Replays
Latest Replays
All Replays
Popular Replays
Top Player Replays
Match Explorer
How It Works
Community
CoH3 Stats
Reddit
Sign in to upload your games and track your stats! →
Sign in with Steam
Match 44825880
Unlisted
Match 44825880
Overview
Messages
Build Orders
End
Kradschützen Motorcycle Team
250 Light Carrier
Panzerpioneer Squad
Construct Light Support Kompanie
Selects Italian Infantry
Selects Italian Infantry
Assault Grenadier Squad
Fire Support Elements
Selects Defensive Operations
Construct Mechanized Kompanie
Assault Mechanized Group
StuG III D Assault Gun
Selects Guastatori Squad
Construct Panzerarmee Kommand
Selects Registered Artillery
Construct Panzerarmee Kommand
Registered Artillery
Brother
skefler
0
0
Comments
sign in to comment!
No comments posted yet!